 Dungeon Crawl Stone Soup version 0.17-a0-18-gc25b939 (console) character file.

1138 MrRokkomies the Carver (level 8, -3/50 (54) HPs)
             Began as a High Elf Warper on Mar 10, 2015.
             Slain by an iguana (12 damage)
             ... on level 5 of the Dungeon.
             The game lasted 00:31:50 (5500 turns).

MrRokkomies the Carver (High Elf Warper)            Turns: 5500, Time: 00:31:50

HP:   -3/50 (54)    AC:  3    Str: 10    XL:     8   Next: 14%
MP:   15/18         EV: 15    Int: 19    God:
Gold: 199           SH:  0    Dex: 15    Spells: 4 memorised, 3 levels left

rFire  . . .     SeeInvis +     a - +1 short sword (elec)
rCold  + . .     Clarity  .     k - +0 robe {rC+}
rNeg   . . .     SustAb   .     (no shield)
rPois  .         Gourm    +     q - +0 helmet
rElec  .         Spirit   .     (no cloak)
rCorr  .         Warding  .     (no gloves)
rMut   .         Stasis   .     (no boots)
MR     .....                    j - amulet of the gourmand
Stlth  +.........               B - ring of see invisible
                                v - ring of wizardry

@: shrouded, not resistant to hostile enchantments, very unstealthy
A: no striking features
a: no special abilities


You were on level 5 of the Dungeon.
You were hungry.

You visited 1 branch of the dungeon, and saw 5 of its levels.

You collected 199 gold pieces.

Inventory:

Hand weapons
 a - a +1 short sword of electrocution (weapon)
 b - a +1 shortbow
 l - a +0 falchion
Missiles
 e - 5 tomahawks of dispersal
 g - 70 arrows
 n - 12 curare-tipped needles
 s - 5 needles of sleeping
 u - 14 stones (quivered)
 C - 2 throwing nets
Armour
 k - a +0 robe of cold resistance (worn)
 q - a +0 helmet (worn)
 y - a +0 leather armour
Jewellery
 j - an amulet of the gourmand (around neck)
 t - an uncursed amulet of faith {unknown}
 v - a ring of wizardry (left hand)
 A - an uncursed amulet of resist corrosion {unknown}
 B - a ring of see invisible (right hand)
Scrolls
 d - a scroll of blinking
 h - 4 scrolls of amnesia
 i - 2 scrolls of recharging
 o - 3 scrolls of teleportation
 r - a scroll of identify
Potions
 w - 2 potions of berserk rage
 x - a potion of invisibility
 D - a potion of curing
Books
 c - a book of Spatial Translocations

   Spells                             Type                      Level
   a - Apportation                    Translocation                1
   b - Blink                          Translocation                2
   c - Shroud of Golubria             Charms/Translocation         2
   d - Portal Projectile              Translocation                3
   e - Teleport Other                 Translocation                3
   f - Passage of Golubria            Translocation                4
 z - a book of Alchemy

   Spells                             Type                      Level
   a - Sublimation of Blood           Necromancy                   2
   b - Alistair's Intoxication        Transmutation/Poison         4
   c - Condensation Shield            Ice                          4
   d - Petrify                        Transmutation/Earth          4
   e - Ignite Poison                  Fire/Transmutation           5
   f - Irradiate                      Conjuration/Transmutation    5
Comestibles
 f - 2 bread rations
 m - 3 meat rations


   Skills:
 - Level 4.1 Fighting
 * Level 8.3 Long Blades
 * Level 5.0 Bows
 - Level 1.1 Throwing
 - Level 0.8 Armour
 - Level 5.1 Dodging
 - Level 2.4 Spellcasting
 - Level 3.2 Translocations


You had 3 spell levels left.
You knew the following spells:

 Your Spells              Type           Power        Failure   Level  Hunger
a - Apportation           Tloc           ##........   2%          1    #......
b - Blink                 Tloc           N/A          4%          2    ##.....
c - Shroud of Golubria    Chrm/Tloc      #.........   6%          2    ##.....
d - Portal Projectile     Tloc           ##....       6%          3    ###....


Dungeon Overview and Level Annotations

Branches:
Dungeon (5/15)
 Temple: D:4-7

Altars:
Elyvilon
Gozag
Kikubaaqudgha
Trog
Xom
The Shining One


Message History

Found a bread ration and 12 gold pieces.
Found a white marble altar of Elyvilon.
Eat which item? (? for menu, Esc to quit)
You are feeling hungry.
That beef jerky was delicious!
Casting: Blink
Confirm with . or Enter, or press ? or * to list all spells.
Space distorts slightly along a thin shroud covering your body.
You are too injured to fight recklessly!
You hit the iguana but do no damage. The iguana misses you.
You hit the iguana.
The iguana is moderately wounded.
You hit the iguana.
The iguana is severely wounded.
Your shroud bends the iguana's attack away.
The crimson imp blinks!
You barely miss the iguana.
The iguana is severely wounded.
The iguana bites you!
You die...

#..##..................
#.....(.§..............
#....(.................
#....(..(.........####.
##...............## #
#...............
###...(.........
##......l........
#...._.(@........
....../.........#
.#....⌠.._...##
#.......%..##
#.........###
.#..._.... ###......$
##..##.. ###


You could see an iguana.

Vanquished Creatures
  Edmund (D:5)
  A necrophage (D:4)
  An ogre (D:4)
  Sigmund (D:2)
  The ghost of kaze the Gusty, an average TeAE of Qazlal (D:4)
  A centaur (D:4)
  A scorpion (D:5)
  A crimson imp (D:5)
  2 orc priests
  A giant frog skeleton (D:4)
  A centaur skeleton (D:4)
  5 orc wizards
  An iguana (D:4)
  2 worker ants
  Ijyb (D:2)
  Robin (D:2)
  8 adders
  2 worms
  A giant gecko (D:1)
  An ooze (D:2)
  16 orcs
  5 giant cockroaches
  17 goblins
  10 hobgoblins
  2 quokkas
  8 bats
  4 giant newts
  8 jackals
  8 kobolds
  19 rats
131 creatures vanquished.

Notes
Turn   | Place    | Note
--------------------------------------------------------------
     0 | D:1      | MrRokkomies, the High Elf Warper, began the quest for the Orb.
     0 | D:1      | Reached XP level 1. HP: 14/14 MP: 4/4
    37 | D:1      | Found a shimmering altar of Xom.
   184 | D:1      | Reached XP level 2. HP: 16/19 MP: 6/6
   188 | D:1      | Learned a level 2 spell: Blink
   191 | D:1      | Learned a level 2 spell: Shroud of Golubria
   933 | D:2      | Noticed Sigmund
   987 | D:2      | Reached XP level 3. HP: 24/24 MP: 8/8
  1240 | D:2      | Noticed Robin
  1251 | D:2      | Killed Robin
  1293 | D:2      | Noticed Ijyb
  1306 | D:2      | Killed Ijyb
  1306 | D:2      | Reached skill level 4 in Long Blades
  1306 | D:2      | Reached XP level 4. HP: 29/29 MP: 8/11
  1424 | D:2      | Found a glowing golden altar of the Shining One.
  1591 | D:2      | Killed Sigmund
  1591 | D:2      | Reached XP level 5. HP: 25/34 MP: 10/12
  2262 | D:3      | Reached skill level 5 in Long Blades
  2388 | D:3      | Noticed an orc warrior
  2417 | D:3      | Reached skill level 5 in Dodging
  2484 | D:3      | Reached XP level 6. HP: 20/40 MP: 15/15
  3171 | D:3      | Learned a level 3 spell: Portal Projectile
  3282 | D:4      | Reached skill level 6 in Long Blades
  3778 | D:4      | Reached XP level 7. HP: 28/47 MP: 17/17
  4178 | D:4      | Reached skill level 1 in Bows
  4233 | D:4      | Reached skill level 7 in Long Blades
  4362 | D:4      | Found an opulent altar of Gozag.
  4487 | D:4      | Noticed kaze's ghost (average TeAE)
  4547 | D:4      | Killed kaze's ghost
  4844 | D:5      | Entered Level 5 of the Dungeon
  4944 | D:5      | Noticed Edmund
  4981 | D:5      | HP: 2/44 [orc/falchion (3)]
  4991 | D:5      | Killed Edmund
  4991 | D:5      | Reached skill level 8 in Long Blades
  4991 | D:5      | Reached XP level 8. HP: 3/50 MP: 1/18
  5478 | D:5      | Found a bloodstained altar of Trog.
  5480 | D:5      | Found an ancient bone altar of Kikubaaqudgha.
  5492 | D:5      | Reached skill level 5 in Bows
  5494 | D:5      | Found a white marble altar of Elyvilon.
  5500 | D:5      | Slain by an iguana

Action                   |  1- 3 |  4- 6 |  7- 9 || total
-------------------------+-------+-------+-------++-------
Melee: Falchion          |    44 |       |       ||    44
       Short sword       |    75 |   196 |   122 ||   393
 Fire: Shortbow          |       |       |    54 ||    54
 Cast: Shroud of Golubri |     4 |     8 |     4 ||    16
       Blink             |       |     2 |    22 ||    24
  Use: Scroll            |     5 |     7 |     3 ||    15
       Potion            |       |     2 |     2 ||     4
 Stab: Sleeping          |     1 |       |     1 ||     2
  Eat: Chunk             |     1 |     9 |     5 ||    15
       Beef jerky        |       |       |     1 ||     1
